 Dungeon Crawl Stone Soup version 0.29-a0-40-g8eb35efe60 (webtiles) character file.

Game seed: 11375991173421510311

1848 vineage the Fighter (level 8, -4/73 HPs)
             Began as a Demonspawn Gladiator on Feb 1, 2022.
             Slain by a two-headed ogre (15 damage)
             ... on level 6 of the Dungeon.
             The game lasted 00:07:03 (6428 turns).

vineage the Fighter (Demonspawn Gladiator)          Turns: 6428, Time: 00:07:03

Health: -4/73      AC: 18    Str: 17    XL:     8   Next: 88%
Magic:  8/8        EV: 12    Int:  9    God:
Gold:   234        SH:  0    Dex: 15    Spells: 7/7 levels left

rFire   + . .      SeeInvis .   n - +5 spear "Waedghu" {protect, *Rage rPois rF+ rN+}
rCold   . . .      Faith    .   (no shield)
rNeg    + . .      Spirit   .   b - +0 leather armour
rPois   +          Reflect  .   c - +0 helmet
rElec   .          Harm     .   (no cloak)
rCorr   .          Rampage  .   (gloves unavailable)
Will    +....      Rage     20% v - +1 pair of boots
Stlth   +.........              (no amulet)
HPRegen 0.22/turn               e - ring of willpower
MPRegen 0.11/turn               q - +4 ring of protection

@: mighty, under a protective aura, on berserk cooldown, slowed, very slow
A: demonic guardian 3, sharp scales 1, demonic touch 3
a: no special abilities


You were on level 6 of the Dungeon.
You visited 1 branch of the dungeon, and saw 6 of its levels.
You also visited: Sewer.

You collected 234 gold pieces.

Inventory:

Hand Weapons
 a - a +0 flail
 n - the +5 spear "Waedghu" (weapon) {protect, *Rage rPois rF+ rN+}
   (You found it on level 2 of the Dungeon)

   It grants its wielder temporary protection when it strikes (+7 to AC).
   rF:        It protects you from fire.
   rPois:     It protects you from poison.
   rN:        It protects you from negative energy.
   *Rage:     It berserks you when you make melee attacks (+20% chance).
 t - the +7 Throatcutter {drain, coup de grace}
   (You found it on level 5 of the Dungeon)

   A truly terrible weapon, it drains the life of any living foe it strikes.
   It may instantly kill foes which have little health.
Missiles
 d - 3 throwing nets (quivered)
Armour
 b - a +0 leather armour (worn)
 c - a +0 helmet (worn)
 v - a +1 pair of boots (worn)
Jewellery
 e - a ring of willpower (left hand)
 i - a ring of ice
 q - a +4 ring of protection (right hand)
 r - a ring of magical power
Wands
 o - a wand of flame (27)
Scrolls
 g - 2 scrolls of teleportation
 l - a scroll of identify
 s - a scroll of summoning
 u - 4 scrolls of blinking
 z - 2 scrolls of fog
Potions
 f - 2 potions of mutation {unknown}
 h - 2 potions of brilliance {unknown}
 j - a potion of attraction {unknown}
 k - 2 potions of berserk rage
 m - a potion of might
 p - a potion of curing {unknown}
 w - a potion of resistance {unknown}
 x - a potion of haste {unknown}


   Skills:
 * Level 10.5 Fighting
 - Level 3.2 Maces & Flails
 + Level 4.1 Polearms
 - Level 1.7 Throwing
 - Level 2.6 Dodging


You had 7 spell levels left.
You didn't know any spells.
Your spell library contained the following spells:

 Spells                   Type           Power      Damage    Failure   Level
 Slow                     Hex            0%         N/A       45%         1
 Call Canine Familiar     Summ           0%         N/A       83%         3
 Confusing Touch          Hex            0%         N/A       83%         3
 Portal Projectile        Hex/Tloc       0%         N/A       83%         3
 Vampiric Draining        Necr           0%         2d6       83%         3
 Animate Armour           Summ/Erth      0%         N/A       99%         4
 Leda's Liquefaction      Hex/Erth       0%         N/A       99%         4
 Blade Hands              Tmut           0%         N/A       100%        5
 Iron Shot                Conj/Erth      0%         9d1       100%        6


Dungeon Overview and Level Annotations

Branches:
Dungeon (6/15)              Sewer (visited)
 Temple: D:4-7

Altars:
Ashenzari
Qazlal
Wu Jian

Shops:
D:2 !   D:4 :   D:5 ?

Annotations:
D:4 3 runed translucent doors, sanka's ghost, amateur GnCj
D:6 2 runed translucent doors


Innate Abilities, Weirdness & Mutations

A powerful demonic guardian rushes to your aid.
You are partially covered in razor-sharp scales. (AC +1, Slay +1)
Your touch may irresistibly damage your foes and sap their willpower.


Message History

No target in view!
No target in view!
No target in view!
No target in view!
No target in view!
Calm down first, please.
Calm down first, please.
You start waiting.
You are no longer berserk.
You are exhausted.
You feel yourself slow down.
You start waiting.
A two-headed ogre comes into view. It is wielding two +0 giant clubs.
You reach to attack!
You puncture the two-headed ogre!
The two-headed ogre is lightly wounded.
Sorry, you're not good enough to have a special ability.
You feel very mighty all of a sudden. The two-headed ogre barely misses you.
The two-headed ogre hits you with a +0 giant club.
You puncture the two-headed ogre!
The two-headed ogre is moderately wounded.
The two-headed ogre closely misses you. x2
You puncture the two-headed ogre!
The two-headed ogre is heavily wounded.
The two-headed ogre hits you with a +0 giant club!
The two-headed ogre hits you with a +0 giant club.
The two-headed ogre hits you with a +0 giant club!!
The two-headed ogre barely misses you.
You barely miss the two-headed ogre.
The two-headed ogre is heavily wounded.
The two-headed ogre hits you with a +0 giant club!
* * * LOW HITPOINT WARNING * * *
The two-headed ogre hits you with a +0 giant club!
* * * LOW HITPOINT WARNING * * *
A demonic guardian appears!
You puncture the two-headed ogre!
The two-headed ogre is severely wounded.
The two-headed ogre hits you but does no damage.
The two-headed ogre hits you with a +0 giant club!
You die...

. .# .#) ..# #8. #.#
#8. ##### #
#.########+
..##++##.'.#3#
#.##≈≈≈§≈≈.
#........#@.#
#..#≈..§§§.
####...#.#O##
#..#≈......
#.###.##.
##..#≈..≈≈≈≈ #
#..######..##≈..≈≈##
##..........#§..≈##
####..###..'...§#
#.## #.##≈..≈#
.#######.#
#..#≈..≈≈#
.........#
####≈..≈§≈≈


You could see a two-headed ogre (ally target) and a friendly sixfirhy
(summoned).

Vanquished Creatures
  Eustachio (D:4)
  3 black bears
  3 ogres (D:5)
  A phantom (D:6)
  3 kobold brigands (Sewer)
  A bullfrog (D:6)
  2 scorpions
  A water moccasin skeleton (D:5)
  2 howler monkeys
  A bullfrog zombie (D:5)
  A gnoll shaman (D:4)
  2 orc priests
  A centaur skeleton (D:3)
  A scorpion zombie (D:5)
  An iguana (D:5)
  4 orc wizards
  6 gnolls
  10 adders
  A shadow imp (D:6)
  A white imp (D:6)
  An ufetubus (D:4)
  An adder skeleton (D:5)
  2 worms (Sewer)
  2 dart slugs
  16 orcs
  10 endoplasms
  8 giant cockroaches
  7 goblins
  6 hobgoblins
  2 jackals (D:5)
  8 kobolds
  2 quokkas
  9 ball pythons
  7 bats
  3 frilled lizards
  10 rats
140 creatures vanquished.

Vanquished Creatures (collateral kills)
  2 gnolls (D:4)
  A white imp (D:5)
3 creatures vanquished.

Vanquished Creatures (others)
  23 plants (D:3)
23 creatures vanquished.

Grand Total: 166 creatures vanquished

Notes
Turn   | Place    | Note
-------+----------+-------------------------------------------
     0 | D:1      | vineage the Demonspawn Gladiator began the quest for the
                  | Orb.
     0 | D:1      | Reached XP level 1. HP: 16/16 MP: 1/1
   330 | D:1      | Gained mutation: You are partially covered in razor-sharp
                  | scales. (AC +1, Slay +1) [demonic ancestry]
   330 | D:1      | Reached XP level 2. HP: 15/23 MP: 2/2
   708 | D:1      | Reached skill level 3 in Fighting
   842 | D:1      | Gained mutation: A weak demonic guardian rushes to your
                  | aid. [demonic ancestry]
   842 | D:1      | Reached XP level 3. HP: 29/29 MP: 3/3
  1431 | D:2      | Found Quupnuni's Distillery.
  1916 | D:2      | Identified the +5 spear "Waedghu" {protect, *Rage rPois rF+
                  | rN+}
  2022 | D:3      | Gained mutation: Your touch may inflict minor irresistible
                  | damage on your foes. [demonic ancestry]
  2022 | D:3      | Reached XP level 4. HP: 37/37 MP: 4/4
  2024 | D:3      | Reached skill level 4 in Fighting
  2127 | D:3      | Found an ornate altar of the Wu Jian Council.
  2141 | D:3      | Gained mutation: Your touch may inflict irresistible damage
                  | on your foes. [demonic ancestry]
  2141 | D:3      | Reached XP level 5. HP: 43/43 MP: 5/5
  2151 | D:3      | Found a stormy altar of Qazlal.
  2168 | D:3      | Reached skill level 5 in Fighting
  2505 | D:3      | Found a faded altar of an unknown god.
  2803 | D:4      | Found Kaseeq's Book Shoppe.
  2903 | D:4      | Found a runed translucent gate.
  2903 | D:4      | Found a runed translucent gate.
  2903 | D:4      | Noticed sanka's ghost (amateur GnCj)
  2905 | D:4      | Found a runed translucent gate.
  2953 | D:4      | Noticed a black bear
  2958 | D:4      | Killed a black bear
  2959 | D:4      | Reached skill level 6 in Fighting
  2959 | D:4      | Gained mutation: A demonic guardian rushes to your aid.
                  | [demonic ancestry]
  2959 | D:4      | Reached XP level 6. HP: 52/52 MP: 6/6
  3099 | D:4      | Reached skill level 7 in Fighting
  3283 | D:4      | Gained mutation: A powerful demonic guardian rushes to your
                  | aid. [demonic ancestry]
  3283 | D:4      | Reached XP level 7. HP: 48/60 MP: 7/7
  3377 | D:4      | Noticed Eustachio
  3388 | D:4      | Killed Eustachio
  3389 | D:4      | Reached skill level 8 in Fighting
  4109 | D:5      | Entered Level 5 of the Dungeon
  4147 | D:5      | Reached skill level 1 in Polearms
  4677 | D:5      | Found the +7 Throatcutter {drain, coup de grace}
  4748 | D:5      | Reached skill level 9 in Fighting
  4748 | D:5      | Gained mutation: Your touch may irresistibly damage your
                  | foes and sap their willpower. [demonic ancestry]
  4748 | D:5      | Reached XP level 8. HP: 71/71 MP: 8/8
  4838 | D:5      | Found Hauxt's Magic Scroll Shoppe.
  5114 | D:5      | Found a broken altar of Ashenzari.
  5733 | D:6      | Found a glowing drain.
  5790 | Sewer    | Entered a sewer
  6003 | Sewer    | Reached skill level 10 in Fighting
  6400 | D:6      | Found a large runed translucent door.
  6400 | D:6      | Found a large runed translucent door.
  6422 | D:6      | Noticed a two-headed ogre
  6428 | D:6      | Slain by a two-headed ogre

Illustrated notes

Levels and vault maps discovered:
D:1:      dpeg_arrival_tiny_a, layout_loops_ring, minmay_misc_feat_nine_boxes
D:2:      layout_loops_corners, serial_shops, shop
D:3:      layout_basic, mainiacjoe_overflow_catch_the_wave,
          ebering_ecumenical_altar_abandoned, chequers_serial_rivers_room_b
D:4:      layout_layer_cave, serial_shops, nicolae_shop_crystal,
          gammafunk_ghost_split, uniq_eustachio
D:5:      layout_basic, cheibrodos_ashenzari_chains, serial_shops, shop
D:6:      layout_basic, minmay_temple_entry_purple_smoke, gup_sewer_entry_glass,
          minmay_strange_pillars, serial_bayou_pond_d, kennysheep_path_1,
          minmay_hollow_rounded_squares

Skill      XL: |  1  2  3  4  5  6  7  8 |
---------------+-------------------------+-----
Maces & Flails | 3 |  3.2
Fighting       | 3 4 6 7 9 10 | 10.5
Polearms       | 2 4 |  4.1
Throwing       | |  1.7
Dodging        | |  2.6

Action                   |  1- 3 |  4- 6 |  7- 9 || total
-------------------------+-------+-------+-------++-------
Melee: Flail             |    94 |       |       ||    94
       Punch             |     1 |       |     1 ||     2
       Spear             |     3 |   105 |   191 ||   299
       Touch             |       |    16 |    30 ||    46
  Use: Scroll            |     1 |     4 |     3 ||     8
       Potion            |       |       |     1 ||     1
 Stab: Sleeping          |       |       |     1 ||     1
       Distracted        |       |       |     1 ||     1
Armor: Leather armour    |    37 |    48 |    44 ||   129
Dodge: Dodged            |    74 |    78 |    69 ||   221

Table legend: (Time is in decaauts)
 A = Elapsed time spent in this place.
 B = Non-inter-level travel time spent in this place.
 C = Inter-level travel time spent in this place.
 D = Time resting spent in this place.
 E = Time spent auto-exploring this place.
 F = Levels seen in this place.
 G = Mean time per level.
                   A        B        C        D        E       F      G
               +--------+--------+--------+--------+--------+-----+--------+
         Total |   6830 |   6650 |    180 |    503 |   5087 |   7 |  975.7 |
       Dungeon |   6202 |   6022 |    180 |    361 |   4825 |   6 | 1033.7 |
         Sewer |    627 |    627 |      0 |    141 |    261 |   1 |  627.0 |
               +--------+--------+--------+--------+--------+-----+--------+

Top non-repeatable levels by time:
     D:5: 1640 daAuts
     D:4: 1397 daAuts
     D:1: 1187 daAuts
     D:2: 852 daAuts
     D:3: 817 daAuts
   Sewer: 627 daAuts
     D:6: 307 daAuts
